 Dungeon Crawl Stone Soup version 0.30-a0-691-g754fce4c43 (webtiles) character file.

Game seed: 9004545928983355461

18 flotson the Sneak (level 2, -1/24 HPs)
             Began as a Demonspawn Delver on Jan 19, 2023.
             Succumbed to an adder's poison
             ... on level 4 of the Dungeon.
             The game lasted 00:01:02 (191 turns).

flotson the Sneak (Demonspawn Delver)                Turns: 191, Time: 00:01:02

Health: -1/24      AC:  3    Str: 12    XL:     2   Next: 51%
Magic:  2/2        EV: 12    Int: 11    God:
Gold:   11         SH:  4    Dex: 14    Spells: 1/1 levels left

rFire   . . .      SeeInvis .    a - +0 hand axe
rCold   . . .      Faith    .    (no shield)
rNeg    . . .      Spirit   .    b - +0 leather armour
rPois   .          Reflect  .    (no helmet)
rElec   .          Harm     .    (no cloak)
rCorr   .          Rampage  .    (no gloves)
Will    .....                    (no boots)
Stlth   +++                      (no amulet)
HPRegen 0.24/turn                (no ring)
MPRegen 0.08/turn                (no ring)

@: lethally poisoned (-1 -> -12)
A: condensation shield
a: no special abilities


You were on level 4 of the Dungeon.
You visited 1 branch of the dungeon, and saw 2 of its levels.

You collected 11 gold pieces.

Inventory:

Hand Weapons
 a - a +0 hand axe (weapon)
Armour
 b - a +0 leather armour (worn)
Wands
 g - a wand of digging (3)
Scrolls
 c - a scroll of fog
 e - a scroll of fear
Potions
 d - a potion of heal wounds {unknown}
 h - a potion of ambrosia {unknown}


   Skills:
 + Level 3.2 Fighting
 - Level 2.0 Axes
 + Level 2.1 Dodging
 + Level 4.6 Stealth
 + Level 0.7 Evocations


You had one spell level left.
You didn't know any spells.
Your spell library was empty.

Dungeon Overview and Level Annotations

Branches:
Dungeon (5/15)             Temple (0/1) D:5

Altars:


Innate Abilities, Weirdness & Mutations

A meltable shield of frost defends you. (SH +4)


Message History

The adder hisses angrily.
You block the adder's attack.
You barely miss the adder. The adder misses you.
You closely miss the adder. The adder closely misses you. The adder bites you.
You are poisoned.
The adder poisons you!
You barely miss the adder.
You feel sick. The adder bites you.
You hit the adder but do no damage.
You feel sick. The adder bites you.
You are more poisoned.
The adder poisons you! The adder misses you.
You barely miss the adder.
You feel very sick. You block the adder's attack.
You are too injured to fight recklessly!
You are too injured to fight recklessly!
You are too injured to fight recklessly!
You are too injured to fight recklessly!
You are too injured to fight recklessly!
You are too injured to fight recklessly!
You are too injured to fight recklessly!
You hit the adder.
The adder is moderately wounded.
You feel sick. The adder closely misses you. The adder bites you.
You are lethally poisoned!
The adder poisons you!
You completely miss the adder.
The adder is moderately wounded.
* * * LOW HITPOINT WARNING * * *
You feel sick. The adder barely misses you.
You hit the adder.
The adder is heavily wounded.
* * * LOW HITPOINT WARNING * * *
You feel very sick. The adder bites you.
* * * LOW HITPOINT WARNING * * *
You are more poisoned.
The adder poisons you! The adder barely misses you.
You closely miss the adder.
The adder is heavily wounded.
You die...

..... #. #.#
.....##.##.####
...............#
...#...#..##..#.#
.....#.#......!.#
...........#..##### #
......>..#........##.#
.....#...............#.#
................@S......
.........#...........#.#
....##.#.#.#..##.###.#
.........#.#..#.... #
...##.#...........#
##.........#..####.#
.........#.#.......#
....................
.....#..............


You could see an adder.

Vanquished Creatures
  An adder (D:4)
  3 goblins (D:4)
  3 jackals (D:4)
  A quokka (D:4)
8 creatures vanquished.

Notes
Turn   | Place    | Note
-------+----------+-------------------------------------------
     0 | D:5      | flotson the Demonspawn Delver began the quest for the Orb.
     0 | D:5      | Reached XP level 1. HP: 18/18 MP: 1/1
    10 | D:5      | Noticed a phantom
    23 | D:5      | Noticed an iguana
    46 | D:4      | Gained mutation: A meltable shield of frost defends you.
                  | (SH +4) [demonic ancestry]
    46 | D:4      | Reached XP level 2. HP: 21/24 MP: 2/2
   191 | D:4      | Succumbed to an adder's poison

Illustrated notes

Levels and vault maps discovered:
D:4:      layout_basic, serial_shops, nicolae_lakefront_shop
D:5:      layout_rooms, mainiacjoe_overflow_two_lobes,
          minmay_temple_entry_antechambers, due_unseen_surprise

Skill      XL: |  1  2 |
---------------+-------+-----
Dodging        | 2 |  2.1
Axes           | 2 |  2.0
Fighting       | |  3.2
Stealth        | |  4.6
Evocations     | |  0.7

Action                   || total
-------------------------++-------
Melee: Hand axe          ||    34
  Use: Scroll            ||     1
       Potion            ||     1
Armor: Leather armour    ||    10
Dodge: Dodged            ||    19
Block: Other             ||     4

Table legend: (Time is in decaauts)
 A = Elapsed time spent in this place.
 B = Non-inter-level travel time spent in this place.
 C = Inter-level travel time spent in this place.
 D = Time resting spent in this place.
 E = Time spent auto-exploring this place.
 F = Levels seen in this place.
 G = Mean time per level.
                   A        B        C        D        E       F      G
               +--------+--------+--------+--------+--------+-----+--------+
         Total |    183 |    183 |      0 |      0 |     91 |   2 |   91.5 |
       Dungeon |    183 |    183 |      0 |      0 |     91 |   2 |   91.5 |
               +--------+--------+--------+--------+--------+-----+--------+

Top non-repeatable levels by time:
     D:4: 152 daAuts
     D:5: 31 daAuts
